 Seeded DCSS version 0.24-a0-480-g7da6c14 (webtiles) character file.

Game seed: 8661347795329931090

217 Llamajah the Vandal (level 5, 0/39 HPs)
             Began as a Mummy Arcane Marksman on July 8, 2019.
             Shot with an arrow by a centaur (5 damage)
             ... on level 4 of the Dungeon.
             The game lasted 00:19:11 (3376 turns).

Llamajah the Vandal (Mummy Arcane Marksman)         Turns: 3376, Time: 00:19:12

Health: 0/39       AC:  5    Str: 19    XL:     5   Next: 62%
Magic:  7/7        EV: 12    Int: 12    God:
Gold:   57         SH:  0    Dex: 13    Spells: 1/7 levels left

rFire    x . .     SeeInvis .   a - +0 hunting sling
rCold    + . .     Gourm    .   (no shield)
rNeg     + + +     Faith    .   e - +0 robe
rPois    ∞         Spirit   .   (no helmet)
rElec    .         Reflect  .   k - +0 cloak
rCorr    .         Harm     .   (no gloves)
MR       .....                  g - +1 pair of boots
Stlth    +.........             (no amulet)
HPRegen  0.13/turn              c - +5 ring of strength
MPRegen  0.10/turn              (no ring)

@: no status effects
A: no food or potions, fire vulnerability, cold resistance 1, negative energy
resistance 3, torment resistance, unbreathing
a: no special abilities


You were on level 4 of the Dungeon.
You were not hungry.

You visited 1 branch of the dungeon, and saw 4 of its levels.

You collected 57 gold pieces.

Inventory:

Hand Weapons
 a - a +0 hunting sling (weapon)
 f - a +0 whip
Missiles
 b - 73 stones (quivered)
Armour
 e - a +0 robe (worn)
 g - a +1 pair of boots (worn)
 k - a +0 cloak (worn)
Jewellery
 c - a +5 ring of strength (left hand)
Scrolls
 h - 2 scrolls of identify
 i - a scroll of immolation
 j - 2 scrolls of remove curse
 l - a scroll of teleportation
 m - a scroll of fog {unknown}


   Skills:
 + Level 2.6 Fighting
 + Level 0.1 Maces & Flails
 + Level 3.8 Slings
 + Level 2.1 Dodging
 + Level 0.3 Stealth
 + Level 1.5 Spellcasting
 + Level 3.0 Hexes


You had one spell level left.
You knew the following spells:

 Your Spells              Type           Power        Failure   Level  Hunger
a - Corona                Hex            #......      9%          1    N/A
b - Slow                  Hex            #.......     13%         2    N/A
c - Portal Projectile     Hex/Tloc       #.....       43%         3    N/A

Your spell library contained the following spells:

 Spells                   Type           Power        Failure   Level  Hunger
 Inner Flame              Hex/Fire       #.......     43%         3    N/A
 Cause Fear               Hex            #.........   63%         4    N/A
 Leda's Liquefaction      Hex/Erth       #.........   83%         4    N/A

Dungeon Overview and Level Annotations

Branches:
Dungeon (4/15)
 Temple: D:4-7

Altars:
Xom


Innate Abilities, Weirdness & Mutations

You do not eat or drink.
Your flesh is vulnerable to fire.
You are immune to poison.
Your flesh is cold resistant. (rC+)
You are immune to negative energy. (rN+++)
You are immune to unholy pain and torment.
You can survive without breathing.


Message History

A worker ant comes into view.
Firing (i - inventory)
b - 74 stones (quivered)
Press: ? - help, Shift-Dir - straight line, f/p - centaur
Aim: a centaur, wielding a +0 shortbow (severely wounded)
You shoot a stone.
The worker ant twitches its antennae in your direction.
The stone hits the centaur.
The centaur is almost dead.
The centaur shoots an arrow.
The arrow hits you.
You are too injured to fight recklessly!
You are too injured to fight recklessly!
You are too injured to fight recklessly!
You are too injured to fight recklessly!
You are too injured to fight recklessly!
The centaur shoots an arrow.
The arrow hits you!
* * * LOW HITPOINT WARNING * * *
You see here an arrow.
The centaur shoots an arrow.
The arrow closely misses you.
The centaur shoots an arrow.
The arrow hits you.
You die...

...##..........###
...........#...#
##.............#
#.....!........#
#.......#........
###.....##.#.....#
........######..##
..>.....(### ....
...##....@.### ...
.........#(..# ..
...........(.#
#...........(.....#
##........(.......#
##.......(....a..#
#.........$..c...
##.#$....(...(..(
###..###.##..((.


You could see a centaur and a worker ant.

Vanquished Creatures
  An orc priest (D:3)
  An orc wizard (D:3)
  4 gnolls (D:2)
  2 adders (D:2)
  3 worms
  A dart slug (D:1)
  5 leopard geckos
  9 orcs
  9 bats
  4 giant cockroaches
  4 hobgoblins
  6 jackals
  11 kobolds
  A quokka (D:3)
  3 frilled lizards
  11 goblins
  6 rats
81 creatures vanquished.

Notes
Turn   | Place    | Note
-------+----------+-------------------------------------------
     0 | D:1      | Llamajah the Mummy Arcane Marksman began the quest for the
                  | Orb.
     0 | D:1      | Reached XP level 1. HP: 15/15 MP: 2/2
   289 | D:1      | Reached XP level 2. HP: 16/21 MP: 4/4
   842 | D:1      | Reached XP level 3. HP: 26/26 MP: 5/5
  1362 | D:2      | Reached XP level 4. HP: 15/33 MP: 4/6
  1874 | D:2      | Found a shimmering altar of Xom.
  2503 | D:3      | Reached XP level 5. HP: 26/39 MP: 7/7
  3034 | D:4      | Noticed a phantom
  3059 | D:4      | Noticed a centaur
  3326 | D:4      | Learned a level 2 spell: Slow
  3330 | D:4      | Learned a level 3 spell: Portal Projectile
  3376 | D:4      | Shot with an arrow by a centaur

Levels and vault maps discovered:
D:1:      wheals_arrival_linesprint, layout_loops_ring
D:2:      layout_loops_ring, tgw_xom, minmay_misc_feat_cross
D:3:      layout_rooms, grunt_decor_arrowhead, grunt_ministairs_6
D:4:      layout_cave_pools, first_ration

Skill      XL: |  1  2  3  4 |
---------------+-------------+-----
Slings         | 2 3 |  3.8
Fighting       | 2 |  2.6
Hexes          | 3 |  3.0
Dodging        | 2 |  2.1
Maces & Flails | |  0.1
Stealth        | |  0.3
Spellcasting   | |  1.5

Action                   |  1- 3 |  4- 6 || total
-------------------------+-------+-------++-------
Melee: Whip              |       |     8 ||     8
 Fire: Hunting sling     |   118 |   192 ||   310
 Cast: Corona            |     1 |     9 ||    10
  Use: Scroll            |       |     4 ||     4
Armor: Robe              |    13 |    36 ||    49
Dodge: Dodged            |    27 |    70 ||    97

Table legend:
 A = Non-vault XP
 B = Vault XP
 C = Vault XP percentage of total XP
 D = Non-vault monster count
 E = Vault monster count
 F = Vault count percentage of total count
                 A         B        C        D         E       F
            +---------+---------+-------+---------+---------+-------
      Total |     304 |       7 |   2.3 |      77 |       4 |   4.9
            +---------+---------+-------+---------+---------+-------
        D:1 |      41 |       0 |   0.0 |      23 |       0 |   0.0
        D:2 |     108 |       3 |   2.7 |      19 |       2 |   9.5
        D:3 |     149 |       4 |   2.6 |      33 |       2 |   5.7
        D:4 |       6 |       0 |   0.0 |       2 |       0 |   0.0
            +---------+---------+-------+---------+---------+-------
